 Dungeon Crawl Stone Soup version 0.31-a0-1469-gd420192249 (webtiles) character file.

Game seed: 7357213829912339552

11 Aldia the Charlatan (level 2, 14/14 HPs)
             Began as a Spriggan Artificer on Dec 28, 2023.
             Quit the game on level 1 of the Dungeon.
             The game lasted 00:01:37 (359 turns).

Aldia the Charlatan (Spriggan Artificer)             Turns: 359, Time: 00:01:37

Health: 14/14      AC:  2    Str:  8    XL:     2   Next: 17%
Magic:  3/3        EV: 18    Int: 12    God:
Gold:   63         SH:  0    Dex: 15    Spells: 1/1 levels left

rFire   . . .        a - +0 club
rCold   . . .        (no shield)
rNeg    . . .        b - +0 robe
rPois   .            (helmet restricted)
rElec   .            (no cloak)
rCorr   .            (gloves unavailable)
SInv    +            (boots unavailable)
Will    .....        (no amulet)
Stlth   ++           (no ring)
HPRegen 0.22/turn    (no ring)
MPRegen 0.08/turn

%: no passive effects
@: very quick
A: very small, no large weapons, unfitting armour, see invisible, speed 3
a: no special abilities


You were on level 1 of the Dungeon.
You visited 1 branch of the dungeon, and saw 1 of its levels.

You collected 63 gold pieces.

Inventory:

Hand Weapons
 a - a +0 club (weapon)
Armour
 b - a +0 robe (worn)
Wands
 c - a wand of flame (5) (quivered)
 d - a wand of charming (15)
 e - a wand of iceblast (5)
Scrolls
 g - a scroll of noise {unknown}
Potions
 f - 2 potions of lignification {unknown}
 h - a potion of mutation {unknown}


   Skills:
 + Level 1.0 Fighting
 + Level 3.4 Dodging
 * Level 2.6 Stealth
 + Level 4.2 Evocations


You had one spell level left.
You didn't know any spells.
Your spell library contained the following spells:

 Spells                   Type           Power      Damage    Failure   Level
 Dazzling Flash           Conj/Hex       0%         N/A       69%         3
 Mephitic Cloud           Conj/Alch/Air  0%         N/A       69%         3
 Curse of Agony           Necr           0%         N/A       100%        5
 Silence                  Hex/Air        0%         N/A       100%        5


Dungeon Overview and Level Annotations

Branches:
Dungeon (1/15)

Altars:


Innate Abilities, Weirdness & Mutations

You are very small and have problems with some larger weapons.
You are too small for most types of armour.
You have supernaturally acute eyesight. (SInv)
You cover ground extremely quickly. (Speed+++)


Message History

You closely miss the rat. The rat completely misses you.
You hit the rat but do no damage. You punch the rat.
The rat is severely wounded.
The rat closely misses you. The rat bites you.
You hit the rat but do no damage.
The rat is severely wounded.
The rat misses you.
You hit the rat but do no damage.
The rat is severely wounded.
The rat closely misses you.
You barely miss the rat.
The rat is severely wounded.
The rat barely misses you.
You hit the rat.
You kill the rat!
No target in view!
No target in view!
No target in view!
No target in view!
No target in view!
No target in view!
No target in view!
No target in view!
No target in view!
You see here 6 stones.
You now have 63 gold pieces (gained 9).
A hobgoblin comes into view.
The hobgoblin shouts!
The puff of flame hits the hobgoblin!
You kill the hobgoblin!
A kobold comes into view. It is wielding a +0 short sword.
Found a spear.
The kobold shouts!
A kobold is nearby!
The puff of flame misses the kobold.
The puff of flame hits the kobold!
You kill the kobold!
You see here a +0 spear.
Found 7 stones.
Are you sure you want to abandon this character and quit the game? (Confirm with "yes".)

.... #.#
#.##.#
#..## #.#
#.##.#
#..# #.#
#.##.#
..#
#.##.#
#.##.#
#.##.#
#.#
.###(##.#
.......@#
#
.########
##.#
...###
......
######
#..# #..#
#..###


There were no monsters in sight!

Vanquished Creatures
  An endoplasm (D:1)
  2 hobgoblins (D:1)
  3 jackals (D:1)
  A kobold (D:1)
  3 rats (D:1)
10 creatures vanquished.

Notes
Turn   | Place    | Note
-------+----------+-------------------------------------------
     0 | D:1      | Aldia the Spriggan Artificer began the quest for the Orb.
     0 | D:1      | Reached XP level 1. HP: 9/9 MP: 2/2
   135 | D:1      | Reached skill level 1 in Fighting
   156 | D:1      | Reached XP level 2. HP: 14/14 MP: 3/3
   359 | D:1      | Quit the game

Illustrated notes

Levels and vault maps discovered:
D:1:      dpeg_arrival_three_same_balls, layout_loops_ring,
          minmay_split_cup_small

Skill      XL: |  1 |
---------------+----+-----
Stealth        | 2 |  2.6
Fighting       | 1 |  1.0
Dodging        | |  3.4
Evocations     | |  4.2

Action                     || total
---------------------------++-------
  Melee: Club              ||    22
         Punch             ||     1
  Evoke: Wand              ||    10
 Armour: Robe              ||     7
  Dodge: Dodged            ||    17

Table legend: (Time is in decaauts)
 A = Elapsed time spent in this place.
 B = Non-inter-level travel time spent in this place.
 C = Inter-level travel time spent in this place.
 D = Time resting spent in this place.
 E = Time spent auto-exploring this place.
 F = Levels seen in this place.
 G = Mean time per level.
                   A        B        C        D        E       F      G
               +--------+--------+--------+--------+--------+-----+--------+
         Total |    247 |    247 |      0 |      0 |    184 |   1 |  247.0 |
       Dungeon |    247 |    247 |      0 |      0 |    184 |   1 |  247.0 |
               +--------+--------+--------+--------+--------+-----+--------+

Top non-repeatable levels by time:
     D:1: 247 daAuts
